 Dungeon Crawl Stone Soup version 0.24-a0-528-g98e85ec62a (webtiles) character file.

Game seed: 10378652714328293668

144 Gynju the Cudgeler (level 5, 0/45 HPs)
             Began as a Minotaur Fighter on Aug 5, 2019.
             Succumbed to a scorpion's poison
             ... on level 3 of the Dungeon.
             The game lasted 00:03:13 (2111 turns).

Gynju the Cudgeler (Minotaur Fighter)               Turns: 2111, Time: 00:03:13

Health: 0/45       AC:  6    Str: 26 (27) XL:     5   Next: 5%
Magic:  4/4        EV:  7    Int: 13 (14) God:
Gold:   74         SH:  9    Dex:  7 (9)  Spells: 4/4 levels left

rFire    . . .     SeeInvis .   a - +0 flail
rCold    . . .     Gourm    .   c - +0 shield
rNeg     . . .     Faith    .   b - +0 scale mail
rPois    .         Spirit   .   (helmet restricted)
rElec    .         Reflect  .   (no cloak)
rCorr    .         Harm     .   (no gloves)
MR       .....                  (no boots)
Stlth    ..........             (no amulet)
HPRegen  0.15/turn              j - +4 ring of intelligence (curse)
MPRegen  0.09/turn              (no ring)

@: mighty, brilliant, lethally poisoned (0 -> -1), flying
A: retaliatory headbutt, horns 2
a: no special abilities


You were on level 3 of the Dungeon.
You were completely stuffed.

You visited 1 branch of the dungeon, and saw 3 of its levels.

You collected 74 gold pieces.

Inventory:

Hand Weapons
 a - a +0 flail (weapon)
Armour
 b - a +0 scale mail (worn)
 c - a +0 shield (worn)
Jewellery
 j - a cursed +4 ring of intelligence (left hand)
Scrolls
 l - a scroll of identify
Comestibles
 f - 5 rations
 i - 4 chunks of flesh


   Skills:
 - Level 3.6 Fighting
 + Level 6.4 Maces & Flails
 - Level 3.6 Armour
 - Level 3.6 Shields


You had 4 spell levels left.
You didn't know any spells.
Your spell library was empty.

Dungeon Overview and Level Annotations

Branches:
Dungeon (3/15)

Altars:


Innate Abilities, Weirdness & Mutations

You reflexively headbutt those who attack you in melee.
You have a pair of horns on your head.


Message History

j - a cursed +4 ring of intelligence (left hand)
* * * LOW HITPOINT WARNING * * *
You feel sick.
* * * LOW HITPOINT WARNING * * *
You feel sick.
There is a lethal amount of poison in your body!
There is a lethal amount of poison in your body!
There is a lethal amount of poison in your body!
* * * LOW HITPOINT WARNING * * *
You feel sick.
* * * LOW HITPOINT WARNING * * *
You feel sick.
There is a lethal amount of poison in your body!
There is a lethal amount of poison in your body!
There is a lethal amount of poison in your body!
* * * LOW HITPOINT WARNING * * *
You feel sick.
* * * LOW HITPOINT WARNING * * *
You feel sick.
You die...

#######################
...[.........§§........
.......................
..........?.§.§........
...............@.......
.............†.........
.......................
.....o.)...........?...
........<..............
....................?..
...........)...........
.............).........
....................^.


There were no monsters in sight!

Vanquished Creatures
  A scorpion (D:3)
  3 adders (D:2)
  3 worms (D:2)
  A dart slug (D:1)
  A leopard gecko (D:2)
  An orc (D:3)
  7 goblins
  10 hobgoblins
  4 jackals (D:2)
  3 bats (D:1)
  6 frilled lizards
  9 kobolds
  A quokka zombie (D:3)
  3 rats (D:1)
53 creatures vanquished.

Notes
Turn   | Place    | Note
-------+----------+-------------------------------------------
     0 | D:1      | Gynju the Minotaur Fighter began the quest for the Orb.
     0 | D:1      | Reached XP level 1. HP: 19/19 MP: 0/0
    72 | D:1      | Reached skill level 3 in Maces & Flails
   367 | D:1      | Reached XP level 2. HP: 24/26 MP: 1/1
   739 | D:1      | Reached skill level 4 in Maces & Flails
  1047 | D:2      | Reached XP level 3. HP: 30/31 MP: 2/2
  1309 | D:2      | Reached skill level 5 in Maces & Flails
  1803 | D:2      | Reached XP level 4. HP: 37/39 MP: 3/3
  2075 | D:3      | Reached skill level 6 in Maces & Flails
  2075 | D:3      | Reached XP level 5. HP: 16/45 MP: 4/4
  2093 | D:3      | HP: 2/45 [poisoned by a scorpion]
  2099 | D:3      | HP: 1/45 [poisoned by a scorpion]
  2107 | D:3      | HP: 1/45 [poisoned by a scorpion]
  2111 | D:3      | Succumbed to a scorpion's poison

Levels and vault maps discovered:
D:1:      shiori_arrival_maze, layout_basic, minmay_split_cup_small
D:2:      layout_basic, first_ration
D:3:      layout_basic, serial_undead, serial_undead_a, serial_undead_e,
          serial_undead_c, serial_undead_f, xom_teletrap_fun, uniq_grinder,
          uniq_natasha

Skill      XL: |  1  2  3  4 |
---------------+-------------+-----
Maces & Flails | 3 4 5 6 |  6.4
Fighting       | |  3.6
Armour         | |  3.6
Shields        | |  3.6

Action                   |  1- 3 |  4- 6 || total
-------------------------+-------+-------++-------
Melee: Flail             |   114 |    29 ||   143
       Headbutt          |    13 |     4 ||    17
  Use: Potion            |       |     5 ||     5
       Scroll            |       |     3 ||     3
  Eat: Chunk             |     3 |     1 ||     4
       Ration            |       |     3 ||     3
Armor: Scale mail        |    60 |     5 ||    65
Dodge: Dodged            |    37 |    11 ||    48
Block: Shield            |    54 |    20 ||    74

Table legend:
 A = Non-vault XP
 B = Vault XP
 C = Vault XP percentage of total XP
 D = Non-vault monster count
 E = Vault monster count
 F = Vault count percentage of total count
                 A         B        C        D         E       F
            +---------+---------+-------+---------+---------+-------
      Total |     196 |      11 |   5.3 |      47 |       6 |  11.3
            +---------+---------+-------+---------+---------+-------
        D:1 |      22 |      10 |  31.2 |      15 |       5 |  25.0
        D:2 |      99 |       0 |   0.0 |      29 |       0 |   0.0
        D:3 |      75 |       1 |   1.3 |       3 |       1 |  25.0
            +---------+---------+-------+---------+---------+-------
